 Dungeon Crawl Stone Soup version 0.15.2 (webtiles) character file.

17 RottenBandages the Insei (level 2, -4/24 HPs)
             Began as a Mummy Monk on Oct 28, 2015.
             Slain by a kobold
             ... wielding a +0 short sword
              (6 damage)
             ... on Level 1 of the Dungeon.
             The game lasted 00:00:53 (443 turns).

RottenBandages the Insei (Mummy Monk)                Turns: 443, Time: 00:00:53

HP  -4/24        AC  2     Str 14      XL: 2   Next: 44%
MP   2/2         EV 13     Int  9      God:
Gold 37          SH  0     Dex 14      Spells:  0 memorised,  1 level left

rFire  x . .     SeeInvis .       - Unarmed
rCold  + . .     Clarity  .     a - +0 robe
rNeg   + + +     rCorr    .     (no shield)
rPois  +         rRot     +     (no helmet)
rElec  .         Spirit   .     (no cloak)
SustAb .         Warding  .     (no gloves)
rMut   .         Stasis   .     (no boots)
Gourm  .                        d - cursed amulet of inaccuracy
MR     .....                    (no ring)
                                (no ring)

@: not resistant to hostile enchantments, unstealthy
A: no food or potions, fire vulnerability, restore body, cold resistance 1,
negative energy resistance 3, poison resistance, torment resistance, unbreathing
a: no special abilities


You were on level 1 of the Dungeon.
You were not hungry.

You visited 1 branch of the dungeon, and saw 1 of its levels.

You collected 37 gold pieces.


Innate Abilities, Weirdness & Mutations

You do not eat or drink.
Your flesh is vulnerable to fire.
Your flesh is cold resistant.
You are immune to negative energy.
Your system is resistant to poisons.
You are immune to unholy pain and torment.
You can survive without breathing.


   Skills:
 - Level 3.0 Fighting
 - Level 2.4 Dodging
 - Level 1.5 Stealth
 + Level 3.9 Unarmed Combat


You had one spell level left.
You didn't know any spells.

Inventory:

Armour
 a - a +0 robe (worn)
Jewellery
 d - a cursed amulet of inaccuracy (around neck)

Dungeon Overview and Level Annotations

Branches:
Dungeon (1/15)

Altars:

#.#####################
####.########
#......%....#
#.##.######.# # #.# #.#
##+######.# ........#.#
........l#.##############
.......KM'r....(.........
........B#.##....########
........#.# ...#
........#.# ..#
..>........ . ...#
######.### ..# #.. ##.###
### #..... #...##


You could see a giant gecko, a giant cockroach, a kobold and a rat.


Message History

You are too injured to fight recklessly!
You are too injured to fight recklessly!
You are too injured to fight recklessly!
You are too injured to fight recklessly!
You are too injured to fight recklessly!
You are too injured to fight recklessly!
You are too injured to fight recklessly!
You are too injured to fight recklessly!
You are too injured to fight recklessly!
You are too injured to fight recklessly!
You are too injured to fight recklessly!
You are too injured to fight recklessly!
You are too injured to fight recklessly!
You are too injured to fight recklessly!
You are too injured to fight recklessly!
You are too injured to fight recklessly!
You barely miss the goblin.
The giant gecko bites you but does no damage.
The giant cockroach closely misses you. The goblin closely misses you.
The rat barely misses you. The giant gecko closely misses you.
You hit the goblin.
You kill the goblin!
The giant cockroach barely misses you.
The kobold throws a stone.
The stone barely misses you.
The stone misses the rat.
The giant gecko bites you.
* * * LOW HITPOINT WARNING * * *
The rat barely misses you. The giant cockroach misses you.
The giant gecko closely misses you. The kobold hits you with a short sword.
You die...

Action                   || total
-------------------------++-------
Melee: Unarmed           ||    72
  Use: Scroll            ||     2
 Stab: Sleeping          ||     1

Vault maps used:
D:1:      arrival_aquarium_a, hangedman_decor_peaks_small

Notes
Turn   | Place    | Note
--------------------------------------------------------------
     0 | D:1      | RottenBandages, the Mummy Monk, began the quest for the Orb.
     0 | D:1      | Reached XP level 1. HP: 18/18 MP: 1/1
     0 | D:1      | Noticed an electric eel
   124 | D:1      | Reached XP level 2. HP: 24/24 MP: 2/2
   442 | D:1      | HP: 2/24 [giant gecko (3)]
   443 | D:1      | Slain by a kobold

Vanquished Creatures
  An ooze (D:1)
  3 bats (D:1)
  2 giant cockroaches (D:1)
  3 hobgoblins (D:1)
  A giant newt (D:1)
  2 goblins (D:1)
  3 rats (D:1)
15 creatures vanquished.
